 Dungeon Crawl Stone Soup version 0.25.1-2-g60ff931df9 (webtiles) character file.

Game seed: 9848949006646713238

1236 halkony2012 the Poker (level 8, 25/71 HPs)
             Began as a Minotaur Berserker on Oct 2, 2020.
             Was an Elder of Trog.
             Quit the game on level 5 of the Dungeon on Oct 8, 2020.
             The game lasted 00:15:53 (5325 turns).

halkony2012 the Poker (Minotaur Berserker)          Turns: 5325, Time: 00:15:53

Health: 25/71      AC:  9    Str: 23    XL:     8   Next: 24%
Magic:  7/7        EV: 10    Int:  4    God:    Trog [****..]
Gold:   293        SH:  0    Dex: 11    Spells: 7/7 levels left

rFire    . . .     SeeInvis .   k - +2 spear (flame)
rCold    . . .     Gourm    .   (no shield)
rNeg     . . .     Faith    .   d - +0 chain mail (curse)
rPois    .         Spirit   .   (helmet restricted)
rElec    .         Reflect  .   (no cloak)
rCorr    .         Harm     .   (no gloves)
MR       .....                  (no boots)
Stlth    ..........             (no amulet)
HPRegen  0.21/turn              (no ring)
MPRegen  0.10/turn              (no ring)

@: no status effects
A: retaliatory headbutt, horns 2
a: Berserk, Trog's Hand, Brothers in Arms, Renounce Religion


You were on level 5 of the Dungeon.
You worshipped Trog.
Trog was greatly pleased with you.
You were near starving.

You visited 1 branch of the dungeon, and saw 6 of its levels.
You also visited: Sewer.

You collected 293 gold pieces.

Inventory:

Hand Weapons
 a - a +0 falchion
 k - a +2 spear of flaming (weapon)
 w - a +2 vampiric dagger
 y - a cursed -1 hand axe
Missiles
 u - 124 stones (quivered)
Armour
 b - a +0 animal skin
 d - a cursed +0 chain mail (worn)
 e - a +0 robe
 x - a +0 plate armour
Wands
 s - a wand of random effects (16)
Scrolls
 g - 4 scrolls of fear
 h - 2 scrolls of identify
 i - 2 scrolls of enchant weapon
 j - 2 scrolls of immolation
 n - 2 scrolls of remove curse
 p - 4 scrolls of teleportation
 A - 2 scrolls of blinking {unknown}
 B - 2 scrolls of fog {unknown}
Potions
 l - 5 potions of brilliance
 m - 3 potions of curing
 o - 3 potions of might
 q - 3 potions of flight {unknown}
 r - a potion of heal wounds
 v - a potion of degeneration
Miscellaneous
 t - a box of beasts
Comestibles
 c - 10 rations


   Skills:
 + Level 6.8 Fighting
 - Level 4.2 Long Blades
 * Level 7.8 Polearms
 - Level 4.9 Armour
 - Level 4.5 Dodging


You had 7 spell levels left.
You didn't know any spells.
Your spell library was empty.

Dungeon Overview and Level Annotations

Branches:
Dungeon (6/15)             Temple (0/1) D:4           Sewer (visited)

Altars:
Fedhas
Kikubaaqudgha
Nemelex Xobeh
Ru


Innate Abilities, Weirdness & Mutations

You reflexively headbutt those who attack you in melee.
You have a pair of horns on your head.


Message History

The bullfrog is heavily wounded.
The bullfrog hits you but does no damage.
You puncture the bullfrog! You burn the bullfrog.
You kill the bullfrog!
Trog accepts your kill.
You feel yourself speed up.
Your extra speed is starting to run out.
You recover from your berserk rage.
You feel yourself slow down.
Unknown command.
Unknown command.
Unknown command.
Unknown command.
Unknown command.
Unknown command.
Saving game... please wait.
Welcome back, halkony2012 the Minotaur Berserker.
Trog says: Kill them all!
Press ? for a list of commands and other information.
Are you sure you want to abandon this character and quit the game? (Confirm with "yes".)

#.........# ##.## #.........####
#..## #............####....
##.......###.##......
#.......###.........
#.......##..##...... ####
#.......##..#..#.... ...#
#...>...#.....#..... ##.###
#..@.#############.. .....#
###..###8###8###8#.. .###.##
#..##.)........... .# #..#
#..#⌠............. '###..#
#..##[...........#
_+....##########..###8###8###8###
####...........#..#############..
## #.#######.....................
####.# #...........<.........


There were no monsters in sight!

Vanquished Creatures
  Grinder (D:3)
  An ogre (D:5)
  2 centaurs
  2 bullfrogs
  3 scorpions
  2 hounds (D:5)
  An orc priest (D:5)
  A bullfrog skeleton (D:6)
  3 worker ants
  An iguana (D:3)
  2 orc wizards (D:5)
  3 gnolls (D:2)
  5 adders
  A howler monkey skeleton (D:6)
  2 river rats (D:6)
  A shadow imp (D:5)
  2 oozes
  2 adder skeletons
  3 worms
  4 leopard geckos
  16 orcs
  11 bats
  5 giant cockroaches
  7 goblins
  4 hobgoblins (D:1)
  9 jackals
  A quokka (D:2)
  3 ball pythons
  10 frilled lizards
  7 kobolds
  2 quokka skeletons (D:4)
  8 rats
125 creatures vanquished.

Notes
Turn   | Place    | Note
-------+----------+-------------------------------------------
     0 | D:1      | halkony2012 the Minotaur Berserker began the quest for the
                  | Orb.
     0 | D:1      | Reached XP level 1. HP: 19/19 MP: 0/0
   143 | D:1      | Reached XP level 2. HP: 27/27 MP: 1/1
   615 | D:1      | Reached XP level 3. HP: 33/33 MP: 2/2
   787 | D:2      | Reached ** piety under Trog
   918 | D:2      | Found an ancient bone altar of Kikubaaqudgha.
   920 | D:2      | Found a blossoming altar of Fedhas.
  1430 | D:2      | Reached skill level 1 in Polearms
  1436 | D:2      | Reached XP level 4. HP: 29/40 MP: 3/3
  1719 | D:2      | Found a sparkling altar of Nemelex Xobeh.
  1719 | D:2      | Found a transporter.
  1719 | D:2      | Noticed a hippogriff
  1974 | D:3      | Reached skill level 2 in Polearms
  2014 | D:3      | Noticed Grinder
  2036 | D:3      | Killed Grinder
  2036 | D:3      | Reached skill level 3 in Polearms
  2036 | D:3      | Reached XP level 5. HP: 6/47 MP: 4/4
  2036 | D:3      | Reached XP level 6. HP: 7/55 MP: 5/5
  2860 | D:3      | Reached skill level 4 in Polearms
  3046 | D:4      | Reached skill level 5 in Fighting
  3168 | D:4      | Found a staircase to the Ecumenical Temple.
  3578 | D:5      | Entered Level 5 of the Dungeon
  3708 | D:5      | Reached XP level 7. HP: 61/61 MP: 6/6
  3755 | D:5      | Found a sacrificial altar of Ru.
  3785 | D:5      | Reached skill level 5 in Polearms
  3915 | D:5      | Reached *** piety under Trog
  4162 | D:5      | Reached skill level 6 in Polearms
  4616 | D:6      | Found a glowing drain.
  4642 | D:6      | Reached XP level 8. HP: 52/71 MP: 7/7
  4676 | Sewer    | Entered a sewer
  4771 | Sewer    | Reached skill level 7 in Polearms
  4874 | Sewer    | Reached **** piety under Trog
  5325 | D:5      | Quit the game

Illustrated notes

Levels and vault maps discovered:
D:1:      minmay_arrival_up_and_down, layout_loops_ring
D:2:      layout_rooms, grunt_temple_overflow_growth_and_decay,
          kennysheep_nondescript, grunt_nemelex_the_gamble
D:3:      layout_loops_ring, first_ration, kennysheep_generic_room_4,
          uniq_grinder
D:4:      layout_layer_cave, minmay_temple_entry_wispy, kennysheep_path_1
D:5:      layout_rooms, lemuel_doored_altar, serial_corexii_hall,
          corexii_hall_statues_deadend, chequers_hall_statues_y
D:6:      layout_loops_cross, lemuel_coloured_pillars_altar,
          portal_sewer_entry_a

Skill      XL: |  1  2  3  4  5  6  7  8 |
---------------+-------------------------+-----
Long Blades    | 4 |  4.2
Fighting       | 4 5 6 |  6.8
Armour         | 3 4 |  4.9
Polearms       | 1 3 4 6 7 |  7.8
Dodging        | 3 4 |  4.5

Action                   |  1- 3 |  4- 6 |  7- 9 || total
-------------------------+-------+-------+-------++-------
Melee: Falchion          |    43 |       |       ||    43
       Headbutt          |     7 |    12 |    21 ||    40
       Spear             |    36 |   100 |   153 ||   289
Invok: Berserk           |     1 |     1 |     2 ||     4
       Trog's Hand       |       |     2 |       ||     2
  Use: Scroll            |       |     5 |     7 ||    12
       Potion            |       |       |     1 ||     1
  Eat: Chunk             |     1 |    10 |     6 ||    17
Armor: Animal skin       |     3 |       |       ||     3
       Robe              |     9 |     5 |       ||    14
       Chain mail        |       |    11 |    57 ||    68
Dodge: Dodged            |    43 |    37 |    52 ||   132
       Rpst.: Falchion   |     6 |       |       ||     6
